 Dungeon Crawl Stone Soup version 0.26-a0-52-gd53d4cd058 (webtiles) character file.

Game seed: 2700968235091651389

1864 gruber the Frost Mage (level 8, -8/41 HPs)
             Began as a Deep Elf Ice Elementalist on June 5, 2020.
             Was a Follower of Vehumet.
             Shot with a sling bullet by Joseph (18 damage)
             ... on level 8 of the Dungeon.
             The game lasted 00:16:48 (10063 turns).

gruber the Frost Mage (Deep Elf Ice Elementalist)  Turns: 10063, Time: 00:16:48

Health: -8/41      AC:  3    Str:  5    XL:     8   Next: 90%
Magic:  9/22       EV: 13    Int: 23    God:    Vehumet [*.....]
Gold:   404        SH:  0    Dex: 15    Spells: 7/23 levels left

rFire    . . .     SeeInvis .   H - -3 rapier (curse)
rCold    . . .     Gourm    .   (no shield)
rNeg     . . .     Faith    .   a - +0 robe
rPois    .         Spirit   .   (no helmet)
rElec    .         Reflect  .   (no cloak)
rCorr    .         Harm     .   C - +0 pair of gloves
MR       +....                  (no boots)
Stlth    +.........             (no amulet)
HPRegen  0.13/turn              h - ring of protection from magic
MPRegen  0.18/turn              p - ring of attention (curse)

@: frozen ramparts
A: no striking features
a: Renounce Religion


You were on level 8 of the Dungeon.
You worshipped Vehumet.
Vehumet was aware of your devotion.
You were hungry.

You visited 2 branches of the dungeon, and saw 9 of its levels.

You collected 404 gold pieces.

Inventory:

Hand Weapons
 H - a cursed -3 rapier (weapon)
 J - a +2 vampiric war axe
Missiles
 F - 289 stones (quivered)
Armour
 a - a +0 robe (worn)
 j - +0 acid dragon scales
 C - a +0 pair of gloves (worn)
Jewellery
 h - a ring of protection from magic (left hand)
 p - a cursed ring of attention (right hand)
 D - an uncursed ring of fire
Wands
 s - a wand of iceblast (2)
Scrolls
 b - 7 scrolls of teleportation {unknown}
 d - 5 scrolls of amnesia {unknown}
 e - 9 scrolls of identify {unknown}
 g - 3 scrolls of immolation {unknown}
 i - 2 scrolls of enchant armour {unknown}
 k - 3 scrolls of fear {unknown}
 l - 3 scrolls of magic mapping {unknown}
 n - 9 scrolls of remove curse {unknown}
 y - 2 scrolls of enchant weapon {unknown}
 B - a scroll of brand weapon {unknown}
Potions
 f - 2 potions of berserk rage {unknown}
 m - 3 potions of heal wounds {unknown}
 o - a potion of magic {unknown}
 q - 2 potions of resistance {unknown}
 r - 3 potions of brilliance {unknown}
 t - a potion of lignification {unknown}
 u - a potion of might {unknown}
 v - a potion of haste {unknown}
 w - 2 potions of flight {unknown}
 x - a potion of curing {unknown}
 z - 4 potions of stabbing {unknown}
 A - a potion of invisibility {unknown}
 E - a potion of degeneration {unknown}
 G - a potion of mutation {unknown}
Comestibles
 c - 8 rations
 I - a chunk of flesh


   Skills:
 - Level 2.4 Dodging
 - Level 2.4 Stealth
 - Level 8.0 Spellcasting
 - Level 3.0 Conjurations
 - Level 2.3 Charms
 - Level 3.0 Summonings
 * Level 10.6 Ice Magic


You had 7 spell levels left.
You knew the following spells:

 Your Spells              Type           Power        Failure   Level  Hunger
a - Freeze                Ice            ####         1%          1    None
b - Frozen Ramparts       Ice            ######       1%          3    None
c - Ozocubu's Armour      Chrm/Ice       #####...     1%          3    None
d - Hailstorm             Conj/Ice       #####...     4%          4    ###....
e - Summon Ice Beast      Ice/Summ       #####...     4%          4    ###....
f - Sandblast             Erth           #.....       7%          1    None

Your spell library contained the following spells:

 Spells                   Type           Power        Failure   Level  Hunger
 Magic Dart               Conj           ###.         1%          1    None
 Searing Ray              Conj           ###...       3%          2    None
 Dazzling Flash           Conj/Hex       ###...       11%         3    None
 Fulminant Prism          Conj/Hex       ###.......   36%         4    ###....
 Iskenderun's Mystic Bla  Conj/Tloc      ###.....     36%         4    ###....


Dungeon Overview and Level Annotations

Branches:
Dungeon (8/15)             Temple (1/1) D:4
   Lair: D:8-11

Altars:
Ashenzari
Cheibriados
Dithmenos
Gozag
Hepliaklqana
Kikubaaqudgha
Makhleb
Nemelex Xobeh
Qazlal
Ru
Sif Muna
Trog
Vehumet
Wu Jian
Xom
Zin
The Shining One

Annotations:
D:8 Joseph


Message History

Aim: Joseph, wielding a +0 hunting sling, wearing a +0 ring mail and quivering 13 sling bullets Attack!
Your ice beast hits Joseph but does no damage.
Joseph unwields a +0 hunting sling.
Joseph wields a +0 quarterstaff.
Joseph hits your ice beast with a +0 quarterstaff.
Your ice beast hits Joseph.
Your ice beast freezes Joseph!
Your ice beast hits Joseph but does no damage.
Joseph unwields a +0 quarterstaff.
Joseph wields a +0 hunting sling.
Joseph shoots a sling bullet.
The sling bullet barely misses your ice beast.
The sling bullet hits your ice beast!
Your ice beast barely misses Joseph.
Your ice beast barely misses Joseph.
Joseph shoots a sling bullet.
The sling bullet closely misses your ice beast.
The sling bullet hits your ice beast!
Your ice beast dies!
Your ice beast hits Joseph but does no damage.
Your ice beast hits Joseph.
Your ice beast freezes Joseph!
Joseph shoots a sling bullet.
The sling bullet misses your ice beast. The sling bullet hits you!!
You die...

######### #.......#
##########.#.###.#
.....##.##.#.# #.####
.....##.##Y#.###....#####
.....'...@Y((..(@.......#
..>..##......###.####.###
.....##....#.# #.# #.##
.###..#..#.#.# #.# #..#
.###..#..#.#.###.# #..#
...............#.# #..#
.............###.####..#
#........#.............#
#................####..#


You could see Joseph and 2 friendly ice beasts.

Vanquished Creatures
  A centaur (D:7)
  2 bullfrogs
  5 scorpions
  4 howler monkeys
  3 crimson imps
  A jelly (D:8)
  A hound (D:3)
  2 orc priests
  A bullfrog skeleton (D:8)
  7 orc wizards
  2 iguanas
  Natasha (thrice) (D:4)
  3 worker ants
  A hound skeleton (D:4)
  13 adders
  An adder zombie (D:5)
  3 worms
  3 dart slugs
  5 leopard geckos
  19 orcs
  A ball python (D:2)
  7 giant cockroaches
  7 goblins
  9 hobgoblins
  6 jackals
  10 kobolds
  2 quokkas
  14 bats
  4 frilled lizards
  A quokka zombie (D:6)
  7 rats
148 creatures vanquished.

Vanquished Creatures (collateral kills)
  A black bear (D:6)
  An ice beast (D:5)
  2 phantoms (D:4)
  An ogre (D:6)
  A centaur zombie (D:6)
  A centaur skeleton (D:6)
  2 killer bee zombies (D:7)
  2 worker ant zombies (D:6)
  3 jackals (D:4)
  A quokka skeleton (D:6)
15 creatures vanquished.

Grand Total: 163 creatures vanquished

Notes
Turn   | Place    | Note
-------+----------+-------------------------------------------
     0 | D:1      | gruber the Deep Elf Ice Elementalist began the quest for
                  | the Orb.
     0 | D:1      | Reached XP level 1. HP: 10/10 MP: 6/6
   142 | D:1      | Reached XP level 2. HP: 6/15 MP: 2/8
   360 | D:1      | Reached skill level 5 in Ice Magic
   618 | D:1      | You fall into a shaft and drop 1 floor!
   691 | D:2      | Found a hazy altar of Hepliaklqana.
   703 | D:2      | Found a burning altar of Makhleb.
   749 | D:2      | Reached XP level 3. HP: 14/19 MP: 6/10
   769 | D:2      | Learned a level 3 spell: Frozen Ramparts
   773 | D:2      | Learned a level 3 spell: Ozocubu's Armour
   971 | D:2      | Found a bloodstained altar of Trog.
  1565 | D:2      | Reached XP level 4. HP: 24/24 MP: 8/12
  1645 | D:2      | Found a shattered altar of Ashenzari.
  1766 | D:2      | Reached skill level 6 in Ice Magic
  2268 | D:3      | Found an opulent altar of Gozag.
  2309 | D:3      | Reached XP level 5. HP: 28/28 MP: 11/13
  2946 | D:3      | Reached skill level 5 in Spellcasting
  3477 | D:4      | Noticed Natasha
  3554 | D:4      | Killed Natasha
  3554 | D:4      | Reached XP level 6. HP: 32/32 MP: 11/16
  3634 | D:4      | Learned a level 4 spell: Hailstorm
  3639 | D:4      | Learned a level 4 spell: Summon Ice Beast
  3815 | D:4      | Found a staircase to the Ecumenical Temple.
  4434 | D:4      | Reached skill level 7 in Ice Magic
  4480 | D:4      | Noticed Natasha
  4491 | D:4      | Killed Natasha
  4841 | D:4      | Noticed Natasha
  4845 | D:4      | Killed Natasha
  4976 | D:4      | Reached XP level 7. HP: 34/36 MP: 10/20
  5214 | D:4      | Found a glowing golden altar of the Shining One.
  5366 | Temple   | Entered the Ecumenical Temple
  5396 | Temple   | Became a worshipper of Vehumet
  5422 | D:5      | Entered Level 5 of the Dungeon
  5475 | D:5      | Reached skill level 1 in Summonings
  5897 | D:5      | Reached skill level 1 in Charms
  6568 | D:6      | Reached skill level 1 in Conjurations
  6751 | D:6      | Found a snail-covered altar of Cheibriados.
  7211 | D:6      | Reached XP level 8. HP: 38/41 MP: 5/22
  7690 | D:7      | Reached skill level 8 in Ice Magic
  7979 | D:7      | Reached * piety under Vehumet
  7979 | D:7      | Offered knowledge of Sandblast by Vehumet.
  8005 | D:7      | Learned a level 1 spell: Sandblast
  8929 | D:7      | Found a shimmering blue altar of Sif Muna.
  8964 | D:7      | Reached skill level 9 in Ice Magic
  9465 | D:7      | Found a shimmering altar of Xom.
  9515 | D:7      | Found a sacrificial altar of Ru.
  9672 | D:8      | Reached skill level 10 in Ice Magic
 10038 | D:8      | Noticed Joseph
 10063 | D:8      | Shot with a sling bullet by Joseph

Illustrated notes

Levels and vault maps discovered:
D:1:      lightli_arrival_isolated_outpost, layout_basic,
          minmay_misc_feat_diagonals
D:2:      layout_basic, lemuel_crystal_altar, evilmike_ruin_ashenzari,
          minitemple, first_ration
D:3:      layout_loops_ring, lemuel_round_altar
D:4:      layout_layer_cave, minmay_temple_entry_proselytizer, enter_ossuary_1,
          nicolae_tso_swordbearing_angel, uniq_natasha
D:5:      layout_rooms
D:6:      layout_cave_pods, kennysheep_slug_shrine
D:7:      layout_rooms, lemuel_doored_altar, nicolae_ru_path_of_blood,
          kennysheep_mini
D:8:      layout_basic, hangedman_little_slice_of_home, nrook_campfire,
          uniq_joseph
Temple:   eino_wide_crystal_templ

Skill      XL: |  1  2  3  4  5  6  7  8 |
---------------+-------------------------+-----
Ice Magic      | 5 6 7 10 | 10.6
Spellcasting   | 4 5 7 8 |  8.0
Summonings     | 3 |  3.0
Charms         | 2 |  2.3
Conjurations   | 3 |  3.0
Dodging        | |  2.4
Stealth        | |  2.4

Action                   |  1- 3 |  4- 6 |  7- 9 || total
-------------------------+-------+-------+-------++-------
Melee: Unarmed           |     6 |    26 |    58 ||    90
       Rapier            |       |       |     8 ||     8
 Cast: Freeze            |    49 |    64 |    34 ||   147
       Frozen Ramparts   |     2 |    15 |    36 ||    53
       Ozocubu's Armour  |     1 |     3 |     8 ||    12
       Summon Ice Beast  |       |     7 |    16 ||    23
  Eat: Chunk             |     2 |     9 |    12 ||    23
       Ration            |       |     1 |     1 ||     2
Armor: Robe              |     7 |    14 |    18 ||    39
Dodge: Dodged            |    35 |    56 |    76 ||   167

Table legend:
 A = Non-vault XP
 B = Vault XP
 C = Vault XP percentage of total XP
 D = Non-vault monster count
 E = Vault monster count
 F = Vault count percentage of total count
                 A         B        C        D         E       F
            +---------+---------+-------+---------+---------+-------
      Total |    2584 |      80 |   3.0 |     160 |       3 |   1.8
            +---------+---------+-------+---------+---------+-------
        D:1 |      42 |       0 |   0.0 |      24 |       0 |   0.0
        D:2 |     106 |       0 |   0.0 |      24 |       0 |   0.0
        D:3 |     162 |       0 |   0.0 |      34 |       0 |   0.0
        D:4 |     368 |      76 |  17.1 |      15 |       2 |  11.8
        D:5 |     234 |       0 |   0.0 |       9 |       0 |   0.0
        D:6 |     508 |       4 |   0.8 |      20 |       1 |   4.8
        D:7 |     528 |       0 |   0.0 |      18 |       0 |   0.0
        D:8 |     636 |       0 |   0.0 |      16 |       0 |   0.0
            +---------+---------+-------+---------+---------+-------
